 Dungeon Crawl Stone Soup version 0.29-a0-1047-g7c58e119a4 (webtiles) character file.

Game seed: 5398951620193221957

170 IdlyInterested the Trooper (level 5, 0/42 HPs)
             Began as a Demonspawn Wanderer on Aug 16, 2022.
             Slain by a gnoll
             ... wielding a +0 halberd
              (7 damage)
             ... on level 4 of the Dungeon.
             The game lasted 00:08:54 (3433 turns).

IdlyInterested the Trooper (Demonspawn Wanderer)    Turns: 3433, Time: 00:08:55

Health: 0/42       AC:  6    Str: 17    XL:     5   Next: 25%
Magic:  5/5        EV: 15    Int: 17    God:
Gold:   72         SH:  0    Dex: 12    Spells: 4/4 levels left

rFire   + . .      SeeInvis .   a - +1 hand axe
rCold   . . .      Faith    .   (no shield)
rNeg    . . .      Spirit   .   h - +0 ring mail
rPois   .          Reflect  .   (no helmet)
rElec   .          Harm     .   (no cloak)
rCorr   .          Rampage  .   d - +0 pair of gloves
Will    .....                   (no boots)
Stlth   +.........              (no amulet)
HPRegen 0.14/turn               g - ring of protection from fire
MPRegen 0.09/turn               l - +6 ring of intelligence

@: agile, on berserk cooldown, slowed, very slow
A: powered by pain 2
a: no special abilities


You were on level 4 of the Dungeon.
You visited 1 branch of the dungeon, and saw 4 of its levels.

You collected 72 gold pieces.

Inventory:

Hand Weapons
 a - a +1 hand axe (weapon)
 f - a +2 flail of protection
 j - a +0 hand axe
Armour
 d - a +0 pair of gloves (worn)
 h - a +0 ring mail (worn)
Jewellery
 g - a ring of protection from fire (left hand)
 l - a +6 ring of intelligence (right hand)
Scrolls
 c - 2 scrolls of fear
 e - a scroll of vulnerability {unknown}
 p - 2 scrolls of enchant weapon
Potions
 i - 2 potions of lignification {unknown}
 k - 2 potions of degeneration {unknown}
 m - a potion of magic
 n - 2 potions of flight
 o - a potion of curing {unknown}
 q - a potion of brilliance {unknown}
 r - a potion of cancellation {unknown}


   Skills:
 * Level 3.7 Fighting
 * Level 3.1 Axes
 - Level 1.0 Throwing
 + Level 2.1 Armour
 - Level 1.7 Stealth
 - Level 2.6 Unarmed Combat


You had 4 spell levels left.
You didn't know any spells.
Your spell library was empty.

Dungeon Overview and Level Annotations

Branches:
Dungeon (4/15)
 Temple: D:4-7

Altars:

Shops:
D:2 (=:


Innate Abilities, Weirdness & Mutations

You sometimes gain power by taking damage.


Message History

You are no longer poisoned.
The necrophage closely misses you.
You barely miss the necrophage.
The necrophage is moderately damaged.
You slash the necrophage!
The necrophage is severely damaged.
The necrophage hits you but does no damage.
A gnoll comes into view. It is wielding a +0 halberd.
You slash the necrophage!
You destroy the necrophage!
The gnoll throws a throwing net.
The throwing net hits you.
You become entangled in the net!
Your Axes skill increases to level 3!
Your Armour skill increases to level 2!
You have reached level 5!
You struggle against the net.
You tear a large gash into the net.
You feel a strong urge to attack something.
You rip the net and break free!
You are no longer berserk.
You are exhausted.
You feel yourself slow down. The gnoll barely misses you.
You slash the gnoll!
The gnoll is heavily wounded.
The gnoll closely misses you. x2
You hit the gnoll but do no damage.
The gnoll is heavily wounded.
The gnoll hits you but does no damage. The gnoll hits you with a +0 halberd!
You barely miss the gnoll.
The gnoll is heavily wounded.
The gnoll hits you with a +0 halberd!
* * * LOW HITPOINT WARNING * * *
You focus on the pain.
You feel agile all of a sudden. The gnoll barely misses you.
Okay, then.
You barely miss the gnoll.
The gnoll is heavily wounded.
The gnoll hits you with a +0 halberd!
You die...

#.>. +...
#... .n. ..##
."# #####.#
#.@.†<#
#g#.##..#
+.......!...#
##....#.##..#
+......#
.....
#....###
..... #.?..
..... #....
...... #..


You could see a gnoll.

Vanquished Creatures
  A necrophage (D:4)
  A howler monkey (D:4)
  An adder (D:4)
  4 orcs (D:3)
  7 ball pythons
  4 endoplasms
  2 giant cockroaches
  3 goblins
  6 hobgoblins
  3 jackals (D:2)
  2 kobolds
  4 quokkas
  3 bats
  5 frilled lizards
  6 rats
52 creatures vanquished.

Notes
Turn   | Place    | Note
-------+----------+-------------------------------------------
     0 | D:1      | IdlyInterested the Demonspawn Wanderer began the quest for
                  | the Orb.
     0 | D:1      | IdlyInterested set off with the following items: a +0 hand
                  | axe, a potion of berserk rage, 2 scrolls of fear, a +0 pair
                  | of gloves, a +0 leather armour.
     0 | D:1      | Reached XP level 1. HP: 16/16 MP: 1/1
   323 | D:1      | Gained mutation: You sometimes gain a little power by
                  | taking damage. [demonic ancestry]
   323 | D:1      | Reached XP level 2. HP: 22/22 MP: 2/2
   691 | D:1      | Found a faded altar of an unknown god.
   949 | D:2      | Found Lungatap's Weapon Shop.
  1300 | D:2      | Found Zeanlo's Jewellery Shop.
  1794 | D:2      | Reached XP level 3. HP: 20/28 MP: 3/3
  1997 | D:2      | Found Ereschuic's Magic Scroll Emporium.
  2024 | D:2      | Found Ojajaot's Book Shoppe.
  3406 | D:4      | Noticed a necrophage
  3420 | D:4      | Gained mutation: You sometimes gain power by taking damage.
                  | [demonic ancestry]
  3420 | D:4      | Reached XP level 4. HP: 35/35 MP: 4/4
  3425 | D:4      | Killed a necrophage
  3426 | D:4      | Reached XP level 5. HP: 42/42 MP: 5/5
  3433 | D:4      | Slain by a gnoll

Illustrated notes

Levels and vault maps discovered:
D:1:      evilmike_arrival_hilbert_curve, layout_basic,
          ebering_ecumenical_altar_sacrificial, chequers_jeans
D:2:      layout_basic, serial_shops, shop, nicolae_lakefront_shop,
          shop_fountains, shop
D:3:      layout_rooms, kennysheep_generic_room_4
D:4:      layout_basic, chequers_avenue, palyth_stone_intersect

Skill      XL: |  1  2  3  4 |
---------------+-------------+-----
Axes           | 2 3 |  3.1
Fighting       | 3 |  3.7
Armour         | 2 |  2.1
Throwing       | |  1.0
Stealth        | |  1.7
Unarmed Combat | |  2.6

Action                   |  1- 3 |  4- 6 || total
-------------------------+-------+-------++-------
Melee: Hand axe          |   184 |    10 ||   194
       Punch             |     4 |       ||     4
  Use: Scroll            |     4 |       ||     4
       Potion            |     1 |       ||     1
 Stab: Sleeping          |     5 |       ||     5
Armor: Leather armour    |    72 |       ||    72
       Ring mail         |     5 |     2 ||     7
Dodge: Dodged            |   154 |     6 ||   160

Table legend: (Time is in decaauts)
 A = Elapsed time spent in this place.
 B = Non-inter-level travel time spent in this place.
 C = Inter-level travel time spent in this place.
 D = Time resting spent in this place.
 E = Time spent auto-exploring this place.
 F = Levels seen in this place.
 G = Mean time per level.
                   A        B        C        D        E       F      G
               +--------+--------+--------+--------+--------+-----+--------+
         Total |   3472 |   2905 |    567 |    441 |   1750 |   4 |  868.0 |
       Dungeon |   3472 |   2905 |    567 |    441 |   1750 |   4 |  868.0 |
               +--------+--------+--------+--------+--------+-----+--------+

Top non-repeatable levels by time:
     D:2: 1565 daAuts
     D:1: 1333 daAuts
     D:3: 545 daAuts
     D:4: 27 daAuts
